 Dungeon Crawl Stone Soup version 0.31-a0-1074-g0b22e4e0f1 (webtiles) character file.

Game seed: 13900393924098410325

1789 horus123 the Thaumaturge (level 8, 0/46 HPs)
             Began as a Deep Elf Earth Elementalist on Dec 3, 2023.
             Was a Follower of Vehumet.
             Succumbed to a killer bee's poison
             ... on level 7 of the Dungeon.
             The game lasted 00:09:11 (6133 turns).

horus123 the Thaumaturge (DEEE)                     Turns: 6133, Time: 00:09:11

Health: 0/46       AC:  6    Str:  5    XL:     8   Next: 82%
Magic:  14/22      EV: 11    Int: 23    God:    Vehumet [*.....]
Gold:   372        SH:  5    Dex: 15    Spells: 11/23 levels left

rFire   . . .        y - +1 short sword
rCold   + . .        (no shield)
rNeg    . . .        g - +2 leather armour {rC+}
rPois   .            u - +0 helmet
rElec   .            (no cloak)
rCorr   .            (no gloves)
SInv    .            (no boots)
Will    +....        j - amulet of reflection
Stlth   ++           h - ring of willpower
HPRegen 0.27/turn    (no ring)
MPRegen 0.18/turn

%: reflection
@: lethally poisoned (0 -> -4)
A: no striking features
a: Renounce Religion


You were on level 7 of the Dungeon.
You worshipped Vehumet.
Vehumet was aware of your devotion.
You visited 2 branches of the dungeon, and saw 8 of its levels.

You collected 372 gold pieces.

Inventory:

Hand Weapons
 y - a +1 short sword (weapon)
Missiles
 r - 3 throwing nets
Armour
 a - a +0 robe
 g - a +2 leather armour of cold resistance (worn)
 u - a +0 helmet (worn)
Jewellery
 h - a ring of willpower (left hand)
 j - an amulet of reflection (around neck)
Wands
 k - a wand of flame (16)
Scrolls
 c - a scroll of teleportation
 d - 3 scrolls of fear
 e - 2 scrolls of blinking
 f - 3 scrolls of vulnerability
 n - 2 scrolls of poison {unknown}
 q - a scroll of enchant armour {unknown}
Potions
 b - 2 potions of magic
 i - 3 potions of heal wounds {unknown}
 l - 2 potions of degeneration {unknown}
 m - 2 potions of mutation {unknown}
 o - a potion of curing {unknown}
 p - 2 potions of might {unknown}
 t - a potion of enlightenment {unknown}
 v - a potion of haste {unknown}
 x - a potion of berserk rage {unknown}


   Skills:
 - Level 3.0 Fighting
 - Level 3.0 Armour
 - Level 2.4 Dodging
 - Level 2.4 Stealth
 - Level 8.0 Spellcasting
 - Level 7.0 Conjurations
 + Level 4.0 Transmutations
 - Level 5.0 Earth Magic


You had 11 spell levels left.
You knew the following spells:

 Your Spells              Type           Power      Damage    Failure   Level
a - Sandblast             Erth           64%        2d14      1%          1
b - Stone Arrow           Conj/Erth      72%        3d11      2%          3
c - Brom's Barrelling Bo  Conj/Erth      36%        2d6       10%         4
d - Petrify               Tmut/Erth      30%        N/A       17%         4

Your spell library contained the following spells:

 Spells                   Type           Power      Damage    Failure   Level
 Magic Dart               Conj           100%       1d8       1%          1
 Passwall                 Tmut/Erth      25%        N/A       2%          2
 Dazzling Flash           Conj/Hex       50%        N/A       8%          3
 Agony                    Necr           9%         N/A       97%         5
 Silence                  Hex/Air        4%         N/A       97%         5


Dungeon Overview and Level Annotations

Branches:
Dungeon (7/15)             Temple (1/1) D:5

Altars:
Ashenzari
Dithmenos
Elyvilon
Fedhas
Gozag
Hepliaklqana
Makhleb
Nemelex Xobeh
Okawaru
Qazlal
Uskayaw
Vehumet
Yredelemnul
Zin
The Shining One

Shops:
D:1 ?


Message History

You block the killer bee's attack.
Your Transmutations skill increases to level 4!
Aiming: Sandblast (safe; 1% risk of failure)
Press: ? - help, Q - select action, (/) - cycle Shift-Dir - straight line, f - killer bee
Aim: a killer bee (67% to hit)
The blast of sand misses the killer bee.
You feel very sick. You block the killer bee's attack.
The killer bee stings you.
You are more poisoned.
The killer bee poisons you! The killer bee completely misses you.
Aiming: Sandblast (safe; 1% risk of failure)
Press: ? - help, Q - select action, (/) - cycle Shift-Dir - straight line, f/p - killer bee
Aim: a killer bee (67% to hit)
The blast of sand hits the killer bee!
The killer bee is almost dead.
You feel very sick. You block the killer bee's attack.
The killer bee closely misses you. The killer bee barely misses you.
Aiming: Sandblast (safe; 1% risk of failure)
Press: ? - help, Q - select action, (/) - cycle Shift-Dir - straight line, f/p - killer bee
Aim: a killer bee (almost dead, 67% to hit)
The blast of sand hits the killer bee.
The killer bee is almost dead.
You feel very sick. The killer bee closely misses you.
The killer bee stings you but does no damage.
The killer bee barely misses you.
Aiming: Sandblast (safe; 1% risk of failure)
Press: ? - help, Q - select action, (/) - cycle Shift-Dir - straight line, f/p - killer bee
Aim: a killer bee (almost dead, 67% to hit)
The blast of sand misses the killer bee.
You feel sick. The killer bee stings you.
* * * LOW HITPOINT WARNING * * *
The killer bee misses you. The killer bee stings you.
* * * LOW HITPOINT WARNING * * *
Aiming: Sandblast (safe; 1% risk of failure)
Press: ? - help, Q - select action, (/) - cycle Shift-Dir - straight line, f/p - killer bee
Aim: a killer bee (almost dead, 67% to hit)
The blast of sand misses the killer bee.
You die...

## #. #.
###########
#.
#..@y......
#.
#.####..###
#. #.# # #.
#.# #. #.#
.. #.# ##
#.# #.# #.#


You could see a killer bee.

Vanquished Creatures
  2 steam dragons (D:6)
  3 black bears
  An ice beast (D:5)
  3 ogres
  A centaur (D:5)
  2 phantoms
  A scorpion (D:7)
  3 killer bees (D:7)
  2 hounds (D:5)
  3 iguanas
  Jessica (D:3)
  4 orc wizards
  Natasha (twice) (D:4)
  Robin (D:3)
  6 adders
  4 white imps
  2 ufetubi (D:6)
  A dart slug (D:4)
  14 orcs
  5 endoplasms
  2 giant cockroaches
  14 goblins
  9 hobgoblins
  4 jackals (D:1)
  5 quokkas
  5 ball pythons
  5 bats
  2 frilled lizards
  6 kobolds
  2 rats (D:1)
115 creatures vanquished.

Notes
Turn   | Place    | Note
-------+----------+-------------------------------------------
     0 | D:1      | horus123 the Deep Elf Earth Elementalist began the quest
                  | for the Orb.
     0 | D:1      | Reached XP level 1. HP: 10/10 MP: 6/6
   378 | D:1      | Reached skill level 4 in Spellcasting
   378 | D:1      | Reached XP level 2. HP: 15/15 MP: 6/9
   651 | D:1      | Found Huaxul's Magic Scroll Boutique.
  1156 | D:2      | Reached XP level 3. HP: 19/19 MP: 9/11
  1160 | D:2      | Learned a level 3 spell: Stone Arrow
  1201 | D:2      | Reached skill level 5 in Spellcasting
  1250 | D:2      | Found a glowing golden altar of the Shining One.
  2146 | D:3      | Noticed Jessica
  2150 | D:3      | Killed Jessica
  2151 | D:3      | Reached XP level 4. HP: 24/24 MP: 9/13
  2506 | D:3      | Reached skill level 5 in Earth Magic
  2510 | D:3      | Reached skill level 1 in Conjurations
  2510 | D:3      | Reached XP level 5. HP: 22/28 MP: 9/14
  2521 | D:3      | Noticed Robin
  2541 | D:3      | Killed Robin
  2703 | D:3      | Found a glowing golden altar of the Shining One.
  2838 | D:4      | Noticed an ogre
  2839 | D:4      | Noticed a phantom
  2842 | D:4      | Killed an ogre
  2845 | D:4      | Killed a phantom
  2846 | D:4      | Reached XP level 6. HP: 23/32 MP: 10/15
  3072 | D:4      | Noticed Natasha
  3075 | D:4      | Killed Natasha
  3160 | D:4      | Reached skill level 5 in Conjurations
  3374 | D:4      | Noticed Natasha
  3377 | D:4      | Killed Natasha
  3690 | D:5      | Entered Level 5 of the Dungeon
  3861 | D:5      | Found a staircase to the Ecumenical Temple.
  3878 | Temple   | Entered the Ecumenical Temple
  3912 | Temple   | Became a worshipper of Vehumet
  3971 | D:5      | Reached XP level 7. HP: 28/36 MP: 11/16
  4132 | D:5      | Found a blossoming altar of Fedhas.
  4147 | D:5      | Reached skill level 1 in Armour
  4588 | D:5      | Reached skill level 1 in Fighting
  4820 | D:5      | Reached XP level 8. HP: 42/44 MP: 13/17
  4930 | D:6      | HP: 1/46 [white imp/puff of frost (4)]
  5102 | D:6      | Learned a level 4 spell: Brom's Barrelling Boulder
  5107 | D:6      | Learned a level 4 spell: Petrify
  5204 | D:6      | Found a shadowy altar of Dithmenos.
  5223 | D:6      | Reached skill level 6 in Spellcasting
  5425 | D:6      | Reached skill level 7 in Spellcasting
  5810 | D:7      | Reached * piety under Vehumet
  5810 | D:7      | Offered knowledge of Magic Dart by Vehumet.
  6011 | D:7      | Reached skill level 8 in Spellcasting
  6132 | D:7      | HP: 2/46 [killer bee (4)]
  6133 | D:7      | Succumbed to a killer bee's poison

Illustrated notes

Levels and vault maps discovered:
D:1:      giann_horns, layout_loops_corners, serial_shops, nicolae_shop_trees,
          minmay_surrounded
D:2:      layout_basic, basic_altar
D:3:      layout_basic, nicolae_tso_carved_into_rock, uniq_jessica, uniq_robin
D:4:      layout_loops_ring, uniq_natasha
D:5:      layout_basic, fedhas_bush_and_centaur_altar,
          minmay_temple_entry_overgrown
D:6:      layout_loops_ring, grunt_dithmenos_smoke,
          hangedman_abyss_or_decor_lesser_grid
D:7:      layout_loops_ring, nicolae_wu_jian_immortal_techniques
Temple:   hc_temple_tempest_star

Skill      XL: |  1  2  3  4  5  6  7  8 |
---------------+-------------------------+-----
Spellcasting   | 4 5 8 |  8.0
Earth Magic    | 4 5 |  5.0
Conjurations   | 1 4 6 7 |  7.0
Armour         | 3 |  3.0
Fighting       | 2 3 |  3.0
Transmutations | 4 |  4.0
Dodging        | |  2.4
Stealth        | |  2.4

Action                     |  1- 3 |  4- 6 |  7- 9 || total
---------------------------+-------+-------+-------++-------
  Melee: Unarmed           |     1 |       |       ||     1
         Punch             |     1 |       |       ||     1
   Cast: Sandblast         |    58 |    69 |    70 ||   197
         Stone Arrow       |       |       |     9 ||     9
    Use: Scroll            |     6 |       |     2 ||     8
 Armour: Robe              |    14 |       |       ||    14
         Leather armour    |       |    19 |    53 ||    72
  Dodge: Dodged            |    17 |    11 |    38 ||    66
  Block: Other             |       |     6 |    12 ||    18
         Reflection        |       |     1 |     2 ||     3

Table legend: (Time is in decaauts)
 A = Elapsed time spent in this place.
 B = Non-inter-level travel time spent in this place.
 C = Inter-level travel time spent in this place.
 D = Time resting spent in this place.
 E = Time spent auto-exploring this place.
 F = Levels seen in this place.
 G = Mean time per level.
                   A        B        C        D        E       F      G
               +--------+--------+--------+--------+--------+-----+--------+
         Total |   6230 |   6099 |    131 |    407 |   4857 |   8 |  778.8 |
       Dungeon |   6176 |   6045 |    131 |    407 |   4857 |   7 |  882.3 |
        Temple |     53 |     53 |      0 |      0 |      0 |   1 |   53.0 |
               +--------+--------+--------+--------+--------+-----+--------+

Top non-repeatable levels by time:
     D:5: 1198 daAuts
     D:1: 1052 daAuts
     D:4: 927 daAuts
     D:2: 911 daAuts
     D:6: 888 daAuts
     D:3: 854 daAuts
     D:7: 343 daAuts
  Temple: 53 daAuts
